 Dungeon Crawl Stone Soup version 0.29-a0-275-g389c0b56f3 (webtiles) character file.

Game seed: 9731511219413151820

18 Hubjo the Sneak (level 2, -3/18 HPs)
             Began as a Vampire Enchanter on Mar 11, 2022.
             Was a Follower of Hepliaklqana.
             Killed from afar by Sigmund (6 damage)
             ... with a magic dart
             ... on level 2 of the Dungeon.
             The game lasted 00:01:49 (778 turns).

Hubjo the Sneak (Vampire Enchanter)                  Turns: 778, Time: 00:01:50

Health: -3/18      AC:  2    Str:  7    XL:     2   Next: 48%
Magic:  5/5        EV: 12    Int: 17    God:    Hepliaklqana [*.....]
Gold:   50         SH:  0    Dex: 14    Spells: 5/5 levels left

rFire   . . .      SeeInvis +   a - +1 dagger
rCold   . . .      Faith    .   (no shield)
rNeg    . . .      Spirit   .   b - +0 robe
rPois   .          Reflect  .   (no helmet)
rElec   .          Harm     .   (no cloak)
rCorr   .          Rampage  .   (no gloves)
Will    .....                   (no boots)
Stlth   +.........              (no amulet)
HPRegen 0.26/turn               (no ring)
MPRegen 0.09/turn               (no ring)

@: confused, healing quickly
A: reduced essence, alive, fangs 3, see invisible, vampiric 1
a: Exsanguinate, Renounce Religion, Recall Ancestor, Ancestor Identity


You were on level 2 of the Dungeon.
You worshipped Hepliaklqana.
Hepliaklqana was aware of your devotion.
You visited 1 branch of the dungeon, and saw 2 of its levels.

You collected 50 gold pieces.

Inventory:

Hand Weapons
 a - a +1 dagger (weapon)
Armour
 b - a +0 robe (worn)
Scrolls
 h - a scroll of amnesia {unknown}
 i - a scroll of identify {unknown}
 j - a scroll of immolation {unknown}
Potions
 c - 2 potions of invisibility
 e - a potion of haste {unknown}
 f - a potion of curing
 g - a potion of heal wounds {unknown}


   Skills:
 * Level 0.7 Fighting
 + Level 1.4 Short Blades
 + Level 2.3 Dodging
 * Level 5.0 Stealth
 - Level 2.0 Spellcasting
 + Level 4.6 Hexes


You had 5 spell levels left.
You didn't know any spells.
Your spell library contained the following spells:

 Spells                   Type           Power      Damage    Failure   Level
 Confusing Touch          Hex            17%        N/A       9%          3
 Tukima's Dance           Hex            17%        N/A       9%          3
 Ensorcelled Hibernation  Hex/Ice        18%        N/A       11%         2
 Dazzling Flash           Conj/Hex       18%        N/A       22%         3
 Gell's Gravitas          Tloc           1%         N/A       50%         3
 Lesser Beckoning         Tloc           1%         N/A       50%         3
 Teleport Other           Tloc           1%         N/A       50%         3


Dungeon Overview and Level Annotations

Branches:
Dungeon (2/15)

Altars:
Hepliaklqana

Annotations:
D:2 Sigmund


Innate Abilities, Weirdness & Mutations

Your life essence is reduced to manifest your ancestor. (-10% HP)
Your natural rate of healing is accelerated.
You have razor-sharp teeth.
You have supernaturally acute eyesight. (SInv)
You are afflicted with vampirism.


Message History

You are too injured to fight recklessly!
You are too injured to fight recklessly!
You are too injured to fight recklessly!
You are too injured to fight recklessly!
Sigmund attacks as you move away! Sigmund hits you but does no damage.
You are lethally poisoned!
* * * LOW HITPOINT WARNING * * *
You feel sick.
Hubquo barely misses Sigmund.
* * * LOW HITPOINT WARNING * * *
You feel sick. Sigmund gestures at you while chanting.
The puff of flame misses you.
Hubquo hits Sigmund but does no damage.
It was a potion of curing.
You feel better.
Sigmund hits Hubquo with a +2 scythe of venom!
Hubquo is destroyed!
Hubquo is still trapped in memory!
As you read the scroll labelled RUILID UNOHAKK, it crumbles to dust.
You assume a fearsome visage.
Sigmund looks frightened!
Sigmund shouts!
The adder looks frightened!
The adder hisses angrily.
It was a scroll of fear.
You hear an angry hiss.
Sigmund gestures wildly while chanting.
Sigmund flickers and vanishes for a moment.
Cornered, Sigmund turns to fight!
Sigmund casts a spell at you. The magic dart hits you.
Sigmund points at you and mumbles some strange words.
You are confused.
Sigmund casts a spell at you. You resist with significant effort.
Sigmund casts a spell at you. The magic dart hits you.
* * * LOW HITPOINT WARNING * * *
A frilled lizard comes into view.
The frilled lizard hisses angrily.
Sigmund gestures at you while chanting. The magic dart hits you.
You die...

.#####...#...##....
........######.....
#######...####...##
###......#.##
###...###..#
#..>=......##.
.####........#....
...............#..
##......@S.......#
>...............#
####....†.....#.#
###..........#.##
........@.......#
####........###.#
..........l..# .
###..........#
#..............


You could see Sigmund (invisible), an adder and a frilled lizard.

Vanquished Creatures
  2 bats (D:1)
  3 endoplasms (D:1)
  3 giant cockroaches (D:1)
  A hobgoblin (D:1)
  A kobold (D:1)
  2 ball pythons
  4 frilled lizards
16 creatures vanquished.

Vanquished Creatures (others)
  An ancestor (D:2)
1 creature vanquished.

Grand Total: 17 creatures vanquished

Notes
Turn   | Place    | Note
-------+----------+-------------------------------------------
     0 | D:1      | Hubjo the Vampire Enchanter began the quest for the Orb.
     0 | D:1      | Reached XP level 1. HP: 13/13 MP: 3/3
   322 | D:1      | Reached XP level 2. HP: 20/20 MP: 5/5
   333 | D:1      | Found a faded altar of an unknown god.
   448 | D:1      | Prayed at the altar of an unknown god.
   448 | D:1      | Became a worshipper of Hepliaklqana the Forgotten
   448 | D:1      | Reached * piety under Hepliaklqana
   510 | D:1      | Reached skill level 5 in Stealth
   754 | D:2      | Noticed Sigmund
   778 | D:2      | Killed from afar by Sigmund

Illustrated notes

Levels and vault maps discovered:
D:1:      amcnicky_arrival_gap_in_the_tavern_cellar, layout_loops_cross,
          hellmonk_ecumenical_altar_lost_god, chequers_serial_rivers_micro_c
D:2:      layout_rooms, serial_shops, nicolae_shop_waterfront, uniq_sigmund

Skill      XL: |  1  2 |
---------------+-------+-----
Stealth        | 5 |  5.0
Fighting       | |  0.7
Short Blades   | |  1.4
Dodging        | |  2.3
Spellcasting   | |  2.0
Hexes          | |  4.6

Action                   || total
-------------------------++-------
Melee: Dagger            ||    37
       Bite              ||     2
Invok: Ancestor Identity ||     1
  Use: Scroll            ||     1
       Potion            ||     1
 Stab: Sleeping          ||     8
Armor: Robe              ||    11
Dodge: Dodged            ||    23

Table legend: (Time is in decaauts)
 A = Elapsed time spent in this place.
 B = Non-inter-level travel time spent in this place.
 C = Inter-level travel time spent in this place.
 D = Time resting spent in this place.
 E = Time spent auto-exploring this place.
 F = Levels seen in this place.
 G = Mean time per level.
                   A        B        C        D        E       F      G
               +--------+--------+--------+--------+--------+-----+--------+
         Total |    775 |    730 |     45 |      0 |    566 |   2 |  387.5 |
       Dungeon |    775 |    730 |     45 |      0 |    566 |   2 |  387.5 |
               +--------+--------+--------+--------+--------+-----+--------+

Top non-repeatable levels by time:
     D:1: 735 daAuts
     D:2: 40 daAuts
